 Dungeon Crawl Stone Soup version 0.32-a0-720-g1d96ad090f (webtiles) character file.

Game seed: 2635703679002578777

170 Descartes the Grasshopper (level 5, 0/28 HPs)
             Began as a Felid Warper on Mar 16, 2024.
             Slain by a gnoll
             ... wielding a +0 spear
             ... led by a gnoll bouda
              (8 damage)
             ... on level 4 of the Dungeon on Mar 17, 2024.
             The game lasted 00:03:42 (2613 turns).

Descartes the Grasshopper (Felid Warper)            Turns: 2613, Time: 00:03:42

Health: 0/28       AC:  1    Str:  9    XL:     5   Next: 26%
Magic:  10/10      EV: 19    Int: 17    God:
Gold:   153        SH:  0    Dex: 21    Spells: 9/9 levels left
                                        Lives:  0   Deaths: 2

rFire   . .          .
                       - Unarmed
rCold   . . .        (shield unavailable)
rNeg    . . .        (body armour unavailable)
rPois   +            (helmet unavailable)
rElec   .            (cloak unavailable)
rCorr   .            (gloves unavailable)
SInv    +            (boots unavailable)
Will    .....        (no amulet)
Stlth   +++          o - ring of poison resistance
HPRegen 0.24/turn    b - +6 ring of dexterity
MPRegen 0.12/turn

%: no passive effects
@: no status effects
A: very small, claws 1, fangs 3, see invisible, shaggy fur 1, stealthy paws, no
weapons or thrown items, no armour, multi-lived
a: no special abilities


You were on level 4 of the Dungeon.
You visited 2 branches of the dungeon, and saw 5 of its levels.

You collected 153 gold pieces.

Inventory:

Jewellery
 b - a +6 ring of dexterity (right paw)
 e - an amulet of magic regeneration
 o - a ring of poison resistance (left paw)
Scrolls
 a - a scroll of blinking
 d - 2 scrolls of teleportation {unknown}
 f - a scroll of silence {unknown}
 h - a scroll of torment {unknown}
 j - a scroll of amnesia {unknown}
 k - a scroll of identify {unknown}
 m - a scroll of noise {unknown}
 p - a scroll of acquirement {unknown}
Potions
 c - 3 potions of lignification {unknown}
 g - 2 potions of might {unknown}
 i - 2 potions of berserk rage {unknown}
 l - a potion of attraction {unknown}
 n - a potion of enlightenment {unknown}
 q - a potion of brilliance {unknown}


   Skills:
 + Level 2.8 Fighting
 + Level 4.3 Dodging
 + Level 2.6 Stealth
 + Level 2.7 Unarmed Combat
 + Level 2.8 Spellcasting
 + Level 5.3 Translocations


You had 9 spell levels left.
You didn't know any spells.
Your spell library contained the following spells:

 Spells                   Type           Power      Damage    Failure   Level
 Blink                    Tloc           40%        N/A       3%          2
 Lesser Beckoning         Tloc           40%        N/A       3%          2
 Teleport Other           Tloc           20%        N/A       6%          3
 Kiss of Death            Conj/Necr      8%         2d6       19%         1
 Manifold Assault         Tloc           20%        N/A       21%         4
 Dazzling Flash           Conj/Hex       4%         N/A       47%         3
 Frozen Ramparts          Ice            4%         1d1       47%         3
 Fugue of the Fallen      Necr           2%         N/A       47%         3
 Ozocubu's Armour         Ice            2%         N/A       47%         3
 Vhi's Electric Charge    Tloc/Air       22%        N/A       52%         4
 Dispel Undead            Necr           2%         3d7       87%         4
 Metabolic Englaciation   Hex/Ice        1%         N/A       99%         5
 Starburst                Conj/Fire      1%         6d3       100%        6
 Borgnjor's Revivificati  Necr           1%         N/A       100%        8
 Maxwell's Capacitive Co  Air            1%         ∞         100%        8


Dungeon Overview and Level Annotations

Branches:
Dungeon (4/15)             Temple (1/1) D:4

Altars:
Cheibriados
Dithmenos
Elyvilon
Fedhas
Gozag
Hepliaklqana
Kikubaaqudgha
Makhleb
Nemelex Xobeh
Okawaru
Qazlal
Trog
Uskayaw
Vehumet
Wu Jian
Xom
Yredelemnul
Zin


Innate Abilities, Weirdness & Mutations

You have sharp claws.
You have razor-sharp teeth.
You have supernaturally acute eyesight. (SInv)
You are covered in fur. (AC +1)
Your paws help you pounce on unaware monsters.
You are incapable of wielding weapons or throwing items.
You cannot wear armour.
You gain extra lives every three experience levels.


Message History

A gnoll comes into view.
It is wielding a +0 spear and quivering a throwing net.
The gnoll bouda shouts!
The gnoll shouts!
The gnoll throws a throwing net.
The throwing net completely misses you.
You scratch the gnoll but do no damage. You scratch the gnoll.
You claw the gnoll.
The gnoll is heavily wounded.
The gnoll misses you. The gnoll closely misses you.
You scratch the gnoll.
The gnoll is severely wounded.
The gnoll misses you. The gnoll barely misses you.
The gnoll bouda hits you with a +0 club!
You scratch the gnoll.
You kill the gnoll!
The gnoll closely misses you. The gnoll barely misses you.
The gnoll completely misses you. The gnoll bouda barely misses you.
You scratch the gnoll bouda but do no damage.
You claw the gnoll bouda, but do no damage.
The gnoll closely misses you. x2; The gnoll completely misses you.
You scratch the gnoll bouda.
The gnoll bouda is lightly wounded.
The gnoll misses you.
The gnoll hits you from afar with a +0 spear!
* * * LOW HITPOINT WARNING * * *
The gnoll barely misses you. The gnoll bouda misses you.
You are too injured to fight recklessly!
You are too injured to fight recklessly!
You are too injured to fight recklessly!
You are too injured to fight recklessly!
You are too injured to fight recklessly!
You are too injured to fight recklessly!
You are too injured to fight recklessly!
You are too injured to fight recklessly!
Unknown command.
The gnoll attacks as it pursues you! The gnoll closely misses you.
The gnoll bouda barks out a call to the hunt!
The gnolls pick up the pace!
A ball python comes into view.
The gnoll attacks as it pursues you! The gnoll misses you.
The gnoll hits you from afar with a +0 spear!
You die...

## ###### #####.#.. #.##
#..... #........
..###...... ##...###.
#..(. #..## ##.## #.
##... #..####..# #. #.
#...### #.......## #.
.#...#.)gg.####..#....#
#.
........gg..##..####..##
##. .......###.@....#
##...# #.. #......
###....###....###..
#.....#
###..##.....##... ...##.
#..........).#. .# #.
.............## #
....#........##
.#'#.....#.....#
#.#....##.....# #...
##.....


You could see a gnoll bouda and 3 gnolls.

Vanquished Creatures
  A scorpion (D:3)
  2 gnolls
  3 adders
  4 dart slugs
  An orc (D:3)
  7 bats
  An endoplasm (D:3)
  3 giant cockroaches
  6 goblins
  9 hobgoblins
  4 jackals (D:2)
  5 kobolds
  2 quokkas
  3 ball pythons
  2 frilled lizards
  4 rats
57 creatures vanquished.

Notes
Turn   | Place    | Note
-------+----------+-------------------------------------------
     0 | D:1      | Descartes the Felid Warper began the quest for the Orb.
     0 | D:1      | Reached XP level 1. HP: 11/11 MP: 4/4
     8 | D:1      | Got Vatwused's Elucidation of Dark Acts
   265 | D:1      | Reached XP level 2. HP: 15/15 MP: 6/6
   303 | D:1      | Reached skill level 1 in Stealth
   796 | D:2      | Reached XP level 3. HP: 18/18 MP: 7/7
  1156 | D:2      | Found an iron altar of Okawaru.
  1572 | D:3      | Reached skill level 5 in Translocations
  1707 | D:3      | Reached XP level 4. HP: 22/23 MP: 8/8
  1707 | D:3      | Gained a life (2 lives remaining)
  1741 | D:3      | Noticed a scorpion
  1756 | D:3      | Killed a scorpion
  1760 | D:3      | Slain by a gnoll
  1760 | D:3      | Lost a life (1 life remaining)
  1836 | D:3      | Reached XP level 5. HP: 23/27 MP: 8/10
  2012 | D:3      | HP: 1/28 [gnoll/+0 whip (7)]
  2060 | D:3      | Slain by a gnoll
  2060 | D:3      | Lost a life (0 lives remaining)
  2256 | D:4      | Found a staircase to the Ecumenical Temple.
  2320 | Temple   | Entered the Ecumenical Temple
  2466 | D:4      | Found a basalt altar of Yredelemnul.
  2469 | D:4      | Found a burning altar of Makhleb.
  2613 | D:4      | Slain by a gnoll

Illustrated notes

Levels and vault maps discovered:
D:1:      lightli_arrival_noodles, layout_loops_cross,
          chequers_serial_rivers_room_b, amethyst_killhole
D:2:      layout_basic, basic_altar, grunt_decor_arrowhead
D:3:      layout_loops_cross
D:4:      layout_layer_cave, mainiacjoe_overflow_surrounded_room,
          nicolae_overflow_squiral, minmay_temple_entry_statues_pillars,
          st_stairs_7, minmay_misc_feat_chi
Temple:   regret_index_temple_waves

Skill      XL: |  1  2  3  4 |
---------------+-------------+-----
Stealth        | 1 2 |  2.6
Translocations | 5 |  5.3
Dodging        | 4 |  4.3
Fighting       | |  2.8
Unarmed Combat | |  2.7
Spellcasting   | |  2.8

Action                     |  1- 3 |  4- 6 || total
---------------------------+-------+-------++-------
  Melee: Unarmed           |   113 |    60 ||   173
         Bite              |    12 |     8 ||    20
         Punch             |     4 |     3 ||     7
   Stab: Sleeping          |     7 |     5 ||    12
 Armour: Skin              |    38 |    30 ||    68
  Dodge: Dodged            |   113 |    73 ||   186

Table legend: (Time is in decaauts)
 A = Elapsed time spent in this place.
 B = Non-inter-level travel time spent in this place.
 C = Inter-level travel time spent in this place.
 D = Time resting spent in this place.
 E = Time spent auto-exploring this place.
 F = Levels seen in this place.
 G = Mean time per level.
                   A        B        C        D        E       F      G
               +--------+--------+--------+--------+--------+-----+--------+
         Total |   2605 |   2534 |     71 |      0 |   2061 |   5 |  521.0 |
       Dungeon |   2603 |   2532 |     71 |      0 |   2061 |   4 |  650.8 |
        Temple |      1 |      1 |      0 |      0 |      0 |   1 |    1.0 |
               +--------+--------+--------+--------+--------+-----+--------+

Top non-repeatable levels by time:
     D:2: 758 daAuts
     D:1: 729 daAuts
     D:3: 725 daAuts
     D:4: 390 daAuts
  Temple: 1 daAuts
